 Dungeon Crawl Stone Soup version 0.25-a0-561-g0977b4d (webtiles) character file.

Game seed: 170473432254563315, levelgen mode: deterministic

122545 robertstho the Severer (level 16, -19/153 HPs)
             Began as a Deep Dwarf Fighter on Feb 25, 2020.
             Was the Champion of Makhleb.
             Killed from afar by Nikola (30 damage)
             ... with a chain lightning
             ... on level 1 of the Swamp.
             The game lasted 01:12:23 (22690 turns).

robertstho the Severer (Deep Dwarf Fighter)        Turns: 22690, Time: 01:12:24

Health: -19/153    AC: 26    Str: 24    XL:     16   Next: 34%
Magic:  0/0        EV: 14    Int:  9    God:    Makhleb [******]
Gold:   1632       SH:  3    Dex: 15    Spells: 15/15 levels left

rFire    + + +     SeeInvis .   T - +1 battleaxe (flame)
rCold    x x .     Gourm    .   (shield currently unavailable)
rNeg     + . .     Faith    .   x - +2 plate armour {MR+}
rPois    .         Spirit   .   G - +1 helmet of Magic {MR++ Str-3 Dex+3}
rElec    .         Reflect  +   W - +2 cloak {rF+}
rCorr    .         Harm     .   w - +0 pair of gloves
MR       +++++                  (no boots)
Stlth    ..........             p - +3 amulet of reflection
HPRegen  0.00/turn              s - ring of fire
MPRegen  0.07/turn              o - ring of fire

@: very slightly contaminated, non-regenerating, invisible
A: damage resistance, heal wounds, negative energy resistance 1, sense
surroundings 2, no regeneration
a: Heal Wounds, Minor Destruction, Lesser Servant of Makhleb, Major Destruction,
Greater Servant of Makhleb, Renounce Religion


You were on level 1 of the Swamp.
You worshipped Makhleb.
Makhleb was exalted by your worship.
You were hungry.

You visited 5 branches of the dungeon, and saw 25 of its levels.
You also visited: Bailey, Gauntlet, Ice Cave and Volcano.

You collected 2812 gold pieces.
You spent 1180 gold pieces at shops.

Inventory:

Hand Weapons
 u - the +6 lajatang "Oxzimez" {venom, rF+ rC+ Int-3}
   (You found it in a Gauntlet)

   It poisons the flesh of those it strikes.
   It affects your intelligence (-3).
   It protects you from fire.
   It protects you from cold.
 A - a +2 scimitar of flaming
 N - a +0 battleaxe of electrocution
 T - a +1 battleaxe of flaming (weapon)
Missiles
 r - 6 javelins (quivered)
Armour
 c - a +0 kite shield
 k - a +0 plate armour of cold resistance
 w - a +0 pair of gloves (worn)
 x - a +2 plate armour of magic resistance (worn)
 y - a +2 helmet of see invisible
 G - the +1 helmet of Magic (worn) {MR++ Str-3 Dex+3}
   (You bought it in a shop on level 5 of the Dungeon)

   It affects your strength (-3).
   It affects your dexterity (+3).
   It affects your resistance to hostile enchantments.
   If you remove this armour, your AC will decrease by 3 (26 -> 23).
 Q - +0 acid dragon scales
 U - +0 fire dragon scales
 W - a +2 cloak of fire resistance (worn)
Jewellery
 n - a +3 ring of evasion
 o - a ring of fire (right hand)
 p - a +3 amulet of reflection (around neck)
 s - a ring of fire (left hand)
 v - an uncursed ring of ice
 F - an uncursed amulet of the gourmand
 I - an uncursed ring of protection from magic
 P - an uncursed ring of protection from magic
 Y - a +3 ring of strength
Wands
 j - a wand of clouds (3)
 m - a wand of acid (6)
 B - a wand of digging (12)
 C - a wand of scattershot (6)
 D - a wand of disintegration (45)
 O - a wand of iceblast (49)
Scrolls
 b - 8 scrolls of remove curse
 e - 3 scrolls of fog
 i - 6 scrolls of enchant weapon
 q - 4 scrolls of magic mapping
 t - 14 scrolls of teleportation
 z - 2 scrolls of enchant armour {unknown}
 E - a scroll of vulnerability {unknown}
 H - 4 scrolls of identify
 L - a scroll of fear
 R - 3 scrolls of blinking
 Z - 2 scrolls of brand weapon
Potions
 d - 5 potions of might
 g - 6 potions of cancellation
 h - 8 potions of haste
 J - 4 potions of flight
 S - a potion of resistance
 X - 2 potions of mutation
Comestibles
 f - 40 rations


   Skills:
 * Level 12.3 Fighting
 + Level 0.6 Long Blades
 + Level 17.0 Axes
   Level 0.2(9.8) Polearms
 * Level 14.0 Armour
 * Level 12.3 Dodging
 + Level 1.7 Stealth
 + Level 9.9 Shields
 * Level 13.0 Invocations
 + Level 0.1 Evocations


You had 15 spell levels left.
You didn't know any spells.
Your spell library contained the following spells:

 Spells                   Type           Power        Failure   Level  Hunger
 Animate Skeleton         Necr           N/A          98%         1    ##.....
 Apportation              Tloc           #.....       98%         1    ##.....
 Corona                   Hex            #......      98%         1    ##.....
 Foxfire                  Conj/Fire      #...         98%         1    ##.....
 Pain                     Necr           #...         98%         1    ##.....
 Summon Butterflies       Summ           #.......     98%         1    ##.....
 Summon Small Mammal      Summ           #...         98%         1    ##.....
 Corpse Rot               Necr/Air       N/A          99%         2    ###....
 Ensorcelled Hibernation  Hex/Ice        #.....       99%         2    ###....
 Poisonous Vapours        Pois/Air       #.....       99%         2    ###....
 Sublimation of Blood     Necr           #.........   99%         2    ###....
 Confusing Touch          Hex            #.......     100%        3    ####...
 Conjure Flame            Conj/Fire      #.......     100%        3    ####...
 Dazzling Flash           Conj/Hex       #.....       100%        3    ####...
 Gell's Gravitas          Tloc           #.........   100%        3    ####...
 Inner Flame              Hex/Fire       #.......     100%        3    ####...
 Lesser Beckoning         Tloc           #.........   100%        3    ####...
 Mephitic Cloud           Conj/Pois/Air  #.......     100%        3    ####...
 Tukima's Dance           Hex            #.......     100%        3    ####...
 Vampiric Draining        Necr           #.........   100%        3    ####...
 Animate Dead             Necr           N/A          100%        4    #####..
 Dispel Undead            Necr           #.......     100%        4    #####..
 Fulminant Prism          Conj/Hex       #.........   100%        4    #####..
 Petrify                  Tmut/Erth      #.......     100%        4    #####..
 Sticky Flame             Conj/Fire      #.......     100%        4    #####..
 Agony                    Necr           #.......     100%        5    ######.
 Alistair's Intoxication  Tmut/Pois      #.......     100%        5    ######.
 Excruciating Wounds      Chrm/Necr      #.........   100%        5    ######.
 Fireball                 Conj/Fire      #.........   100%        5    ######.
 Irradiate                Conj/Tmut      #.........   100%        5    ######.
 Metabolic Englaciation   Hex/Ice        #.........   100%        5    ######.
 Yara's Violent Unravell  Hex/Tmut       #.........   100%        5    ######.
 Freezing Cloud           Conj/Ice/Air   #.........   100%        6    #######
 Hydra Form               Tmut           #.........   100%        6    #######
 Invisibility             Hex            #.......     100%        6    #######
 Statue Form              Tmut/Erth      #........    100%        6    #######
 Dragon Form              Tmut           #.........   100%        7    #######
 Ring of Flames           Chrm/Fire      #.........   100%        7    #######


Dungeon Overview and Level Annotations

Branches:
Dungeon (15/15)            Temple (1/1) D:6            Lair (6/6) D:9
  Swamp (1/4) Lair:4       Spider (0/4) Lair:4        Slime (0/5) Lair:6
    Orc (2/2) D:11            Elf (0/3) Orc:2        Vaults (0/5) D:13
 Depths (0/5) D:15         Bailey (visited)           IceCv (visited)
Volcano (visited)         Gauntlet (visited)

Altars:
Ashenzari
Cheibriados
Dithmenos
Elyvilon
Fedhas
Gozag
Hepliaklqana
Kikubaaqudgha
Makhleb
Nemelex Xobeh
Okawaru
Qazlal
Ru
Sif Muna
Trog
Uskayaw
Vehumet
Wu Jian
Xom
Yredelemnul
The Shining One
Beogh
Jiyva

Shops:
D:5 [   D:6 [*   D:10 }   D:11 *}   D:13 =   Orc:2 }!(%

Portals:
Pandemonium: Orc:2

Annotations:
D:5 armour shop good
D:6 729 pole arm
D:10 3 runed translucent doors, brasw1bg's ghost, journeyman VSEE
Lair:6 1 runed translucent door
Swamp:1 1 runed translucent door, Nikola; Soun Ygiluis's ghost, journeyman TrMo


Innate Abilities, Weirdness & Mutations

You are resistant to damage.
You can heal yourself by infusing magical energy.
You resist negative energy. (rN+)
You passively map the area around you.
You do not regenerate.


Message History

What are your orders? t - Shout!
Orders for allies: a - Attack new target. p - Attack previous target. r - Retreat! s - Stop attacking. g - Guard the area. f - Follow me.
Anything else - Cancel.
Gang up on whom?
Press: ? - help, Dir - move target cursor, f/p - Nikola
Aim: Nikola, wielding a +1 rapier of electrocution, wearing a +0 cloak and wearing a +0 pair of gloves (lightly wounded) Attack!
Your alligator barely misses Nikola.
Your alligator tail-slaps Nikola!
Your tyrant leech bites Nikola!
Your tyrant leech draws strength from Nikola's injuries!
Nikola warns, "If you see one of my golems, approach with caution, they bite."
Nikola casts a spell.
You hear a mighty clap of thunder!
The lightning arc hits your tyrant leech!!
The lightning arc hits your alligator!!
The lightning arc hits your tyrant leech!!
The lightning arc hits you!!
You die...

♣ #♣...........#..§..♣♣.≈≈≈≈≈≈≈
[( #≈>≈..###.###...≈≈≈♣♣.≈≈≈≈≈≈≈
+##≈.≈≈.........≈≈≈≈.♣♣..≈≈≈≈≈≈
...≈≈≈§♣.♣.≈≈≈≈.♣≈♣.≈.....≈≈≈≈≈
♣.≈.♣≈≈≈♣.♣≈≈≈♣...§.≈♣♣♣....≈≈≈≈
♣♣..♣...♣§≈≈....≈.@≈♣ ♣.≈≈.....
♣..♣♣♣≈..♣.♣≈≈≈≈≈wt.♣♣ ♣.≈≈≈.♣♣♣
♣. * ♣≈≈.♣.≈≈♣w..≈≈..♣ ♣.≈≈.≈≈♣♣
, ♣.≈.♣..≈.y@≈≈≈≈.♣ ♣)♣≈≈≈≈♣. ≈,
♣♣...≈≈.≈≈♣≈....♣♣♣...≈≈.♣♣ ,*
♣§≈♣♣≈≈≈≈≈.≈≈≈≈♣♣....♣..♣♣ *
♣≈≈≈..≈≈≈..≈≈≈.♣♣...♣♣♣.≈≈ ≈
♣♣§≈.≈≈≈≈≈..≈≈.♣♣..≈♣ ♣.≈♣ ≈
♣≈≈≈≈≈≈♣.≈.≈≈.♣♣≈≈♣♣ ♣..♣ ,
♣≈.♣♣.≈§.≈.≈♣.♣♣≈.♣ ♣♣.≈
♣.♣♣♣..≈≈≈.♣≈≈♣♣.♣♣ ♣.≈
♣≈♣♣.≈.^≈.....♣♣.♣ ♣.≈


You could see Nikola, a friendly alligator, 2 friendly tyrant leeches and a
friendly hornet.

Vanquished Creatures
  Frances (D:13)
  Gastronok (D:10)
  Donald (Orc:2)
  An orc warlord (Orc:1)
  Azrael (D:15)
  A minotaur (Gauntlet)
  Snorg (D:11)
  A fire dragon (Lair:6)
  A yaktaur captain (D:15)
  Josephine (D:11)
  Erolcha (D:10)
  11 hydras
  3 catoblepae
  2 vault guards (D:13)
  A death knight (D:12)
  6 centaur warriors
  5 two-headed ogres
  A tengu warrior (D:14)
  5 orc high priests (Orc:2)
  A soul eater (Gauntlet)
  The ghost of Dantiko the Slasher, a novice TeFi of Zin (D:6)
  A torturous demonspawn (Orc:2)
  An unseen horror (D:14)
  The ghost of Umoon the Fighter, a novice GrFi of Ru (D:6)
  An infernal demonspawn (Orc:2)
  A swamp dragon (Lair:6)
  2 wizards (D:13)
  A necromancer (D:13)
  A phantasmal warrior (D:12)
  A lindwurm (Lair:6)
  5 orc knights
  8 orc sorcerers
  3 deep elf magi
  6 ugly things
  3 manticores
  10 elephants (Lair:6)
  A cyclops (D:14)
  6 black mambas
  2 ice statues (IceCv)
  3 centaur zombies
  4 spiny frogs
  Maggie (D:10)
  4 gargoyles
  Psyche (D:10)
  A smoke demon (Gauntlet)
  3 kobold demonologists
  5 rime drakes
  5 komodo dragons
  A freezing wraith (D:12)
  2 efreet
  A yaktaur (D:15)
  A demonic crawler (Lair:4)
  A tengu conjurer (D:14)
  9 trolls
  A merfolk (D:11)
  A hornet (D:15)
  2 polar bears
  3 tyrant leeches (Swamp:1)
  2 bog bodies (Swamp:1)
  10 blink frogs (Lair:2)
  9 slime creatures
  15 hippogriffs
  11 dream sheep
  2 shadows
  3 vampires
  6 wraiths
  6 wyverns
  A ynoxinul (Orc:2)
  76 yaks
  6 fire bats (Lair:6)
  9 basilisks
  A steam dragon (Lair:6)
  26 humans
  8 fire elementals
  A chaos spawn (Orc:2)
  7 vampire mosquitoes
  3 hungry ghosts
  A warg (Orc:2)
  4 swamp worms (Swamp:1)
  3 acid dragons (Lair:6)
  A soldier ant (D:15)
  12 water moccasins
  3 hell hounds
  7 porcupines
  5 swamp drakes
  41 orc warriors
  8 ice beasts
  3 sky beasts
  2 black bears
  19 ogres
  7 necrophages
  An eye of draining (D:14)
  27 centaurs
  7 wolves
  19 crocodiles
  4 big kobolds
  17 bullfrogs
  8 scorpions
  19 killer bees
  An electric eel (Lair:3)
  7 wights
  14 crimson imps
  2 bullfrog zombies
  6 jellies
  5 centaur skeletons
  A bullfrog skeleton (D:9)
  5 hounds
  31 orc priests
  Ijyb (D:3)
  10 iguanas
  30 orc wizards
  12 worker ants
  A hound skeleton (D:8)
  A worker ant zombie (D:5)
  7 gnolls
  10 adders
  7 shadow imps
  3 oozes
  An adder zombie (D:7)
  6 worms
  3 dart slugs
  5 leopard geckos
  70 orcs
  7 bats
  4 giant cockroaches
  5 goblins
  7 hobgoblins
  11 jackals
  8 quokkas
  5 ball pythons
  8 frilled lizards
  13 kobolds
  3 rats
  7 briar patches (Swamp:1)
  A fungus (Lair:4)
  11 plants
  A toadstool (Swamp:1)
900 creatures vanquished.

Vanquished Creatures (collateral kills)
  A thorn hunter (Swamp:1)
  A hydra (Swamp:1)
  Urug (Orc:1)
  An orc high priest (Orc:2)
  A swamp dragon (Swamp:1)
  An orc sorcerer (Orc:1)
  A tyrant leech (Swamp:1)
  A troll (Orc:2)
  4 orc warriors
  2 ogres (Orc:1)
  2 orc priests (Orc:1)
  2 orc wizards (Orc:1)
  17 orcs
35 creatures vanquished.

Vanquished Creatures (others)
  2 centaurs
  A worker ant (D:14)
  An orc (Orc:2)
  5 kobolds (Bailey)
  2 briar patches (Swamp:1)
  3 fungi
  10 plants
  6 toadstools (Swamp:1)
  7 withered plants (Gauntlet)
37 creatures vanquished.

Grand Total: 972 creatures vanquished

Notes
Turn   | Place    | Note
-------+----------+-------------------------------------------
     0 | D:1      | robertstho the Deep Dwarf Fighter began the quest for the
                  | Orb.
     0 | D:1      | Reached XP level 1. HP: 20/20 MP: 1/1
   269 | D:1      | Reached XP level 2. HP: 22/27 MP: 2/2
   678 | D:2      | Reached XP level 3. HP: 34/34 MP: 3/3
  1338 | D:2      | Reached skill level 3 in Axes
  1338 | D:2      | Reached skill level 1 in Dodging
  1375 | D:3      | Reached XP level 4. HP: 25/42 MP: 4/4
  1458 | D:3      | Reached XP level 5. HP: 19/49 MP: 5/5
  1913 | D:3      | Found an ornate altar of the Wu Jian Council.
  1920 | D:3      | Noticed Ijyb
  1929 | D:3      | Killed Ijyb
  2217 | D:4      | Noticed an ogre
  2223 | D:4      | Killed an ogre
  2223 | D:4      | Reached skill level 4 in Axes
  2223 | D:4      | Reached XP level 6. HP: 56/56 MP: 6/6
  2515 | D:4      | Reached skill level 5 in Armour
  2515 | D:4      | Reached XP level 7. HP: 34/64 MP: 6/6
  2673 | D:4      | You fall into a shaft and drop 3 floors!
  2678 | D:7      | Reached skill level 5 in Axes
  2759 | D:6      | Found Yfaynte's General Store.
  2816 | D:6      | Bought a +0 pair of gloves for 58 gold pieces
  2816 | D:6      | Bought a potion of lignification for 39 gold pieces
  2816 | D:6      | Bought a scroll of teleportation for 39 gold pieces
  2839 | D:6      | Found an ancient bone altar of Kikubaaqudgha.
  2879 | D:6      | Reached skill level 5 in Shields
  2879 | D:6      | Reached XP level 8. HP: 53/73 MP: 4/4
  2895 | D:6      | Reached skill level 6 in Axes
  3021 | D:6      | Found Muutue's Armour Boutique.
  3125 | D:6      | Found a blossoming altar of Fedhas.
  3393 | D:6      | Found a staircase to the Ecumenical Temple.
  3444 | Temple   | Entered the Ecumenical Temple
  3643 | Temple   | Became a worshipper of Makhleb the Destroyer
  3717 | D:6      | Found a runed translucent gate.
  3727 | D:6      | Reached skill level 5 in Fighting
  3728 | D:6      | Found a runed translucent gate.
  3732 | D:6      | Found a runed translucent gate.
  3738 | D:6      | Noticed Umoon's ghost (novice GrFi)
  3739 | D:6      | Noticed Dantiko's ghost (novice TeFi)
  3859 | D:6      | Killed Dantiko's ghost
  3859 | D:6      | Reached skill level 5 in Dodging
  3859 | D:6      | Gained mutation: You passively map the area around you.
                  | [Deep Dwarf growth]
  3859 | D:6      | Reached XP level 9. HP: 38/81 MP: 3/5
  3895 | D:6      | Killed Umoon's ghost
  3895 | D:6      | Reached skill level 7 in Axes
  3991 | D:5      | Entered Level 5 of the Dungeon
  4034 | D:5      | Found Kaxzuho's Antique Armour Boutique.
  4495 | D:4      | Found a hazy altar of Hepliaklqana.
  4498 | D:4      | Found a snail-covered altar of Cheibriados.
  4602 | D:4      | Found a sacrificial altar of Ru.
  5196 | D:5      | Found a stormy altar of Qazlal.
  5412 | D:5      | Reached * piety under Makhleb
  6087 | D:7      | Reached skill level 8 in Axes
  6201 | D:7      | Found a shimmering altar of Xom.
  6202 | D:7      | Found an opulent altar of Gozag.
  6204 | D:7      | Found a shimmering blue altar of Sif Muna.
  6221 | D:7      | Found a white marble altar of Elyvilon.
  6443 | D:7      | Reached XP level 10. HP: 90/91 MP: 7/7
  6783 | D:8      | Found a flagged portal.
  6807 | Bailey   | Entered a bailey
  6853 | Bailey   | Found a burning altar of Makhleb.
  6875 | Bailey   | Reached ** piety under Makhleb
  7191 | D:8      | Reached skill level 5 in Invocations
  7247 | D:8      | Noticed a two-headed ogre
  7276 | D:8      | Killed a two-headed ogre
  7276 | D:8      | Reached skill level 9 in Axes
  7855 | D:9      | Reached XP level 11. HP: 58/99 MP: 8/8
  7879 | D:9      | Found a staircase to the Lair.
  7986 | D:9      | Reached *** piety under Makhleb
  8097 | D:9      | Noticed a +0 hand axe
  8101 | D:9      | Found a hide-covered altar of Uskayaw.
  8101 | D:9      | Noticed a +0 hand axe
  8449 | D:10     | Entered Level 10 of the Dungeon
  8521 | D:10     | Found a runed translucent gate.
  8522 | D:10     | Found a runed translucent gate.
  8522 | D:10     | Noticed an orc knight
  8522 | D:10     | Noticed brasw1bg's ghost (journeyman VSEE)
  8523 | D:10     | Found a runed translucent gate.
  8539 | D:10     | Noticed Erolcha
  8545 | D:10     | Killed Erolcha
  8545 | D:10     | Reached skill level 10 in Axes
  8564 | D:10     | Noticed Gastronok
  8593 | D:10     | Killed Gastronok
  8627 | D:10     | Noticed Psyche
  8637 | D:10     | Killed Psyche
  8784 | D:10     | Found Jaofem's Gadget Emporium.
  8840 | D:10     | Noticed Maggie
  8862 | D:10     | Killed Maggie
  9182 | D:11     | Noticed a purple ugly thing
  9214 | D:11     | Killed a purple ugly thing
  9222 | D:11     | Noticed Josephine
  9276 | D:11     | Reached skill level 11 in Axes
  9287 | D:11     | Killed Josephine
  9287 | D:11     | Reached XP level 12. HP: 96/110 MP: 6/6
  9341 | D:11     | Reached **** piety under Makhleb
  9345 | D:11     | Noticed Snorg
  9369 | D:11     | Killed Snorg
  9369 | D:11     | Reached skill level 10 in Armour
  9411 | D:11     | Found Mateh's Gadget Emporium.
  9528 | Lair:1   | Entered Level 1 of the Lair of Beasts
  9666 | Lair:1   | Found a dark tunnel.
 10265 | Volcano  | Entered a volcano
 10664 | Lair:2   | Noticed an eight-headed hydra
 10676 | Lair:2   | Killed a five-headed hydra
 10700 | Lair:2   | Noticed a four-headed hydra
 10707 | Lair:2   | Killed a one-headed hydra
 10787 | Lair:2   | Reached ***** piety under Makhleb
 10814 | Lair:2   | Reached skill level 12 in Axes
 11155 | Lair:2   | Noticed a four-headed hydra
 11166 | Lair:2   | Killed a one-headed hydra
 11428 | Lair:3   | Reached XP level 13. HP: 117/120 MP: 7/7
 12035 | Lair:3   | Found a bloodstained altar of Trog.
 12261 | Lair:4   | Found a frozen archway.
 12287 | IceCv    | Entered an ice cave
 12292 | IceCv    | Reached skill level 13 in Axes
 12300 | IceCv    | Found a transporter.
 12322 | IceCv    | Found a transporter.
 12385 | Lair:4   | Found a shadowy altar of Dithmenos.
 12389 | Lair:4   | Reached skill level 10 in Dodging
 12389 | Lair:4   | Reached skill level 10 in Invocations
 12516 | Lair:4   | Found a staircase to the Swamp.
 12757 | Lair:4   | Found a hole to the Spider Nest.
 13900 | Lair:6   | Entered Level 6 of the Lair of Beasts
 13913 | Lair:6   | Reached ****** piety under Makhleb
 13955 | Lair:6   | Reached skill level 10 in Fighting
 14078 | Lair:6   | Noticed a fire dragon
 14108 | Lair:6   | Killed a fire dragon
 14108 | Lair:6   | Gained mutation: You resist negative energy. (rN+) [Deep
                  | Dwarf growth]
 14108 | Lair:6   | Reached XP level 14. HP: 77/132 MP: 1/1
 14193 | Lair:6   | Reached skill level 14 in Axes
 14895 | Lair:6   | Found a runed translucent door.
 14895 | Lair:6   | Found a viscous altar of Jiyva.
 14895 | Lair:6   | Found a staircase to the Slime Pits.
 15293 | D:11     | Found a staircase to the Orcish Mines.
 15294 | D:11     | Found Woaqont's Whimsical Warehouse.
 16263 | D:12     | Found an ancient bone altar of Kikubaaqudgha.
 16417 | D:12     | Reached skill level 15 in Axes
 16891 | D:13     | Noticed Frances
 16924 | D:13     | Killed Frances
 16924 | D:13     | Reached skill level 1 in Stealth
 16924 | D:13     | Reached XP level 15. HP: 141/141 MP: 2/2
 17251 | D:13     | Found Kaw Rism's Jewellery Shop.
 17479 | D:5      | Bought a warped tower shield for 228 gold pieces
 17479 | D:5      | Bought a spiked helmet for 228 gold pieces
 17487 | D:5      | Identified the cursed -4 tower shield of the Butterfly
                  | {+Blink rF+ Int+2} (You bought it in a shop on level 5 of
                  | the Dungeon)
 17498 | D:5      | Identified the +1 helmet of Magic {MR++ Str-3 Dex+3} (You
                  | bought it in a shop on level 5 of the Dungeon)
 17655 | Orc:1    | Entered Level 1 of the Orcish Mines
 17655 | Orc:1    | Noticed an orc warlord
 17676 | Orc:1    | Killed an orc warlord
 17676 | Orc:1    | Noticed Urug
 17727 | Orc:1    | Killed Urug
 18141 | Orc:2    | Entered Level 2 of the Orcish Mines
 18141 | Orc:2    | Noticed Donald
 18148 | Orc:2    | Killed Donald
 18222 | Orc:2    | Found a roughly hewn altar of Beogh.
 18471 | Orc:2    | Found Fietu's Food Emporium.
 18528 | Orc:2    | Found Geham's Distillery.
 18577 | Orc:2    | Bought 2 potions of heal wounds for 140 gold pieces
 18577 | Orc:2    | Bought a potion of curing for 42 gold pieces
 18577 | Orc:2    | Bought a potion of berserk rage for 70 gold pieces
 18577 | Orc:2    | Bought 2 potions of mutation for 224 gold pieces
 18577 | Orc:2    | Bought a potion of invisibility for 112 gold pieces
 18603 | Orc:2    | Found a staircase to the Elven Halls.
 19055 | Orc:2    | Reached skill level 16 in Axes
 19187 | Orc:2    | Found Sairies's Antique Weapon Boutique.
 19187 | Orc:2    | Found Nasan's Gadget Shop.
 19188 | Orc:2    | Found a one-way gate leading to the halls of Pandemonium.
 19683 | D:13     | Found a gate to the Vaults.
 19979 | D:14     | Identified the +3 whip of Innocence {vorpal, rPois}
 20076 | D:14     | You fall into a shaft and drop 1 floor!
 20076 | D:15     | Entered Level 15 of the Dungeon
 20085 | D:15     | Noticed Azrael
 20156 | D:15     | Killed Azrael
 20187 | D:15     | Reached XP level 16. HP: 150/152 MP: 2/2
 20291 | D:15     | Found a gate leading to a gauntlet.
 20296 | Gauntlet | Entered a Gauntlet
 20296 | Gauntlet | Found a transporter.
 20305 | Gauntlet | Found a transporter.
 20320 | Gauntlet | Found a transporter.
 20325 | Gauntlet | Found a transporter.
 20342 | Gauntlet | Found a transporter.
 20360 | Gauntlet | Found a transporter.
 20372 | Gauntlet | Found a transporter.
 20378 | Gauntlet | Found a transporter.
 20393 | Gauntlet | Found a transporter.
 20399 | Gauntlet | Found a transporter.
 20414 | Gauntlet | Found a transporter.
 20420 | Gauntlet | Found a transporter.
 20435 | Gauntlet | Found a transporter.
 20452 | Gauntlet | Found a transporter.
 20472 | Gauntlet | Found a transporter.
 20519 | Gauntlet | Found a transporter.
 20531 | Gauntlet | Found a transporter.
 20559 | Gauntlet | Got a dazzling lajatang
 20560 | Gauntlet | Identified the +6 lajatang "Oxzimez" {venom, rF+ rC+ Int-3}
                  | (You found it in a Gauntlet)
 20586 | Gauntlet | Found a transporter.
 20662 | Gauntlet | Got a steaming amber ring
 20664 | Gauntlet | Identified the ring of the Assorted Dances {EV+1 Int+3}
                  | (You found it in a Gauntlet)
 20710 | Gauntlet | Identified the Reference Book on Fetching Unholy Secrets
 20856 | D:15     | Found a sparkling altar of Nemelex Xobeh.
 21030 | D:15     | Found a staircase to the Depths.
 21268 | D:15     | Paralysed by a hornet for 2 turns
 22092 | Swamp:1  | Entered Level 1 of the Swamp
 22172 | Swamp:1  | Reached skill level 17 in Axes
 22198 | Swamp:1  | Noticed Soun Ygiluis's ghost (journeyman TrMo)
 22199 | Swamp:1  | Found a runed translucent door.
 22203 | Swamp:1  | Noticed a thorn hunter
 22240 | Swamp:1  | Killed a thorn hunter
 22331 | Swamp:1  | Found a shimmering blue altar of Sif Muna.
 22676 | Swamp:1  | Noticed Nikola
 22678 | Swamp:1  | HP: 2/153 [Nikola/bolt of lightning (38)]
 22690 | Swamp:1  | Killed from afar by Nikola

Levels and vault maps discovered:
D:1:      nicolae_arrival_memento_mori, layout_loops_cross, minmay_bisected
D:2:      layout_loops_ring
D:3:      layout_rooms, lemuel_round_altar, serial_glass, glass_columns_c,
          glass_columns_a, due_unseen_surprise, feat_on_display,
          item_on_display_a, first_ration, hangedman_decor_growths,
          grunt_ministairs_10, minmay_misc_feat_hallway, solitary_fountain,
          uniq_ijyb
D:4:      layout_layer_cave, kennysheep_little_box, minitemple,
          minmay_small_thing
D:5:      layout_layer_cave, grunt_qazlal_clouds, serial_shops, shop_statue
D:6:      layout_basic, fedhas_altar_2, nicolae_overflow_crystal_walls,
          serial_shops, shop, kennysheep_mini_moat, gammafunk_ghost_cemetery
D:7:      layout_basic, nicolae_overflow_hidden_temple,
          grunt_temple_overflow_open
D:8:      minmay_flawed_box, layout_loops_ring, enter_bailey_6, minmay_ruffians
D:9:      layout_loops_ring, dancing_weapons_uskayaw,
          grunt_lair_entry_orc_guard_hut
D:10:     layout_loops_ring, serial_shops, shop, gammafunk_ghost_split,
          uniq_gastronok, uniq_maggie, uniq_psyche, uniq_erolcha
D:11:     layout_small_grid, orc_0_dummy, serial_shops, shop,
          hangedman_stone_soup, corexii_corridor_pit, nicolae_alphabet_shops,
          uniq_josephine, uniq_snorg
D:12:     layout_long_grid, minmay_fountain_box, lemuel_hellish_altar
D:13:     layout_cave_pools, grunt_vaults_entry_tiered, serial_shops, shop,
          uniq_frances
D:14:     layout_rooms, serial_park_paths [serial_park_minivault_5x5_1]
D:15:     grunt_enter_depths_snipers, layout_long_grid, lemuel_tele_altar,
          gauntlet_entry_generic, uniq_azrael
Temple:   jpeg_temple_alley_garden
Lair:1:   layout_chaotic_city, enter_volcano_2, minivault_19,
          grunt_forest_small_clearings
Lair:2:   layout_long_grid
Lair:3:   layout_roguey, basic_altar, serial_bayou_shore_a
Lair:4:   layout_regular_city, minmay_swamp_entry_reptiles,
          nicolae_spider_entry_non_spiders, portal_ice_cave_rime, basic_altar,
          infiniplex_staircase_pool_2
Lair:5:   statuecave_lemuel, layout_hall_layers, bh_autumn_forest_stairs,
          roderic_carrion_pond
Lair:6:   guppyfry_lair_end_dragon, layout_gridlike, slime_altar_2
Swamp:1:  cheibrodos_swamp_tower_of_moss, layout_falls_marsh,
          gammafunk_ghost_grave, basic_altar, infiniplex_staircase_pool,
          uniq_nikola
Orc:1:    layout_diamond_mine, lightli_orcish_oven, uniq_urug
Orc:2:    pf_orc_diabolical, layout_caves, mines1_david, uniq_donald

Skill      XL: |  1  2  3  4  5  6  7  8  9 10 11 12 13 14 15 16 |
---------------+-------------------------------------------------+-----
Fighting       | 3 4 5 6 7 8 10 11 12 | 12.3
Axes           | 3 4 5 6 8 9 11 12 13 15 16 17 | 17.0
Dodging        | 1 2 3 4 5 6 7 8 9 10 11 12 | 12.3
Armour         | 4 5 7 8 9 11 12 13 14 | 14.0
Shields        | 4 5 6 7 8 9 |  9.9
Invocations    | 2 4 6 7 9 10 11 12 13 | 13.0
Stealth        | 1 |  1.7
Long Blades    | |  0.6
Polearms       | |  0.2
Evocations     | |  0.1

Action                   |  1- 3 |  4- 6 |  7- 9 | 10-12 | 13-15 | 16-18 || total
-------------------------+-------+-------+-------+-------+-------+-------++-------
Melee: War axe           |   129 |   145 |   460 |   563 |       |       ||  1297
       Long sword        |       |       |    36 |       |       |       ||    36
       Battleaxe         |       |       |       |   184 |  1524 |   281 ||  1989
       Halberd           |       |       |       |    20 |       |       ||    20
Invok: Greater Servant o |       |       |       |       |     3 |     1 ||     4
 Abil: Heal Wounds       |     1 |     5 |    11 |    15 |    16 |     4 ||    52
Evoke: Wand              |       |       |       |       |     3 |       ||     3
  Use: Potion            |       |     1 |     1 |     5 |    16 |    14 ||    37
       Scroll            |       |       |     4 |     5 |    15 |     6 ||    30
 Stab: Confused          |       |       |       |       |     8 |       ||     8
       Petrified         |       |       |       |       |     4 |       ||     4
       Paralysed         |       |       |       |       |     1 |       ||     1
       Invisible         |       |       |       |       |       |     2 ||     2
       Distracted        |       |       |       |       |       |     1 ||     1
  Eat: Chunk             |     2 |     4 |     9 |    14 |    25 |     5 ||    59
       Ration            |       |       |     4 |     1 |     2 |     1 ||     8
Armor: Scale mail        |    36 |       |       |       |       |       ||    36
       Chain mail        |    27 |    79 |     2 |   318 |   616 |       ||  1042
       Plate armour      |       |       |   250 |    34 |   249 |   199 ||   732
Dodge: Dodged            |    29 |    52 |   182 |   515 |  1335 |   171 ||  2284
Block: Kite shield       |    88 |   102 |   412 |   512 |       |       ||  1114
       Reflection        |       |       |     4 |    28 |     6 |     4 ||    42
       Other             |       |       |       |    22 |   210 |    41 ||   273
       Rpst.: Long sword |       |       |     3 |       |       |       ||     3

Table legend:
 A = Non-vault XP
 B = Vault XP
 C = Vault XP percentage of total XP
 D = Non-vault monster count
 E = Vault monster count
 F = Vault count percentage of total count
                 A         B        C        D         E       F
            +---------+---------+-------+---------+---------+-------
      Total |  115131 |   59934 |  34.2 |     699 |     225 |  24.4
            +---------+---------+-------+---------+---------+-------
        D:1 |      30 |       5 |  14.3 |      16 |       3 |  15.8
        D:2 |      57 |       0 |   0.0 |      23 |       0 |   0.0
        D:3 |     122 |      52 |  29.9 |      18 |       3 |  14.3
        D:4 |     431 |     188 |  30.4 |      17 |       2 |  10.5
        D:5 |     700 |       0 |   0.0 |      24 |       0 |   0.0
        D:6 |    1251 |    1511 |  54.7 |      23 |       2 |   8.0
        D:7 |    1392 |       0 |   0.0 |      36 |       0 |   0.0
        D:8 |    2264 |    1453 |  39.1 |      20 |      13 |  39.4
        D:9 |    1751 |     822 |  31.9 |      15 |       6 |  28.6
       D:10 |    2528 |    4035 |  61.5 |      12 |       4 |  25.0
       D:11 |    3993 |    3894 |  49.4 |      35 |      11 |  23.9
       D:12 |    9810 |       0 |   0.0 |      51 |       0 |   0.0
       D:13 |   11073 |    9737 |  46.8 |      59 |      25 |  29.8
       D:14 |   13117 |       0 |   0.0 |      53 |       0 |   0.0
       D:15 |    4972 |    5080 |  50.5 |      23 |      12 |  34.3
     Lair:1 |    1143 |       0 |   0.0 |       6 |       0 |   0.0
     Lair:2 |   10422 |       0 |   0.0 |      39 |       0 |   0.0
     Lair:3 |    7940 |       0 |   0.0 |      32 |       0 |   0.0
     Lair:4 |    4549 |    2508 |  35.5 |      19 |      14 |  42.4
     Lair:5 |    3096 |     616 |  16.6 |      13 |       5 |  27.8
     Lair:6 |   19536 |    3379 |  14.7 |      69 |      14 |  16.9
    Swamp:1 |    5425 |    1648 |  23.3 |      16 |       1 |   5.9
      Orc:1 |    4068 |     867 |  17.6 |      32 |       7 |  17.9
      Orc:2 |    5461 |   16184 |  74.8 |      48 |      64 |  57.1
     Bailey |       0 |     424 | 100.0 |       0 |      11 | 100.0
      IceCv |       0 |    2785 | 100.0 |       0 |      10 | 100.0
    Volcano |       0 |    1363 | 100.0 |       0 |       4 | 100.0
   Gauntlet |       0 |    3383 | 100.0 |       0 |      14 | 100.0
            +---------+---------+-------+---------+---------+-------
